 Dungeon Crawl Stone Soup version 0.18.1-51-gd549091e01 (webtiles) character file.

116 magog001 the Covered (level 4, -7/41 HPs)
             Began as a Minotaur Fighter on Nov 19, 2022.
             Mangled by tuurum's ghost (17 damage)
             ... on level 3 of the Dungeon.
             The game lasted 00:10:32 (1927 turns).

magog001 the Covered (Minotaur Fighter)             Turns: 1927, Time: 00:10:32

Health: -7/41      AC:  9    Str: 26    XL:     4   Next: 70%
Magic:  3/3        EV:  7    Int:  5    God:
Gold:   130        SH: 10    Dex: 10    Spells: 0 memorised, 3 levels left

rFire  . . .     SeeInvis .     a - +0 war axe
rCold  . . .     Gourm    .     b - +0 scale mail
rNeg   . . .     Faith    .     c - +0 shield
rPois  .         Spirit   .     (helmet restricted)
rElec  .         Dismiss  .     (no cloak)
rCorr  +         Reflect  .     k - +0 pair of gloves
SustAt .         Harm     .     w - +0 pair of boots
MR     .....                    (no amulet)
Stlth  ..........               (no ring)
                                y - ring of resist corrosion

@: mighty, not resistant to hostile enchantments, extremely unstealthy
A: retaliatory headbutt, horns 2
a: no special abilities


You were on level 3 of the Dungeon.
You were not hungry.

You visited 1 branch of the dungeon, and saw 3 of its levels.

You collected 130 gold pieces.

Inventory:

Hand Weapons
 a - a +0 war axe (weapon)
Missiles
 m - 44 sling bullets
 p - 6 needles of sleeping
 s - a throwing net (quivered)
 x - 16 poisoned needles
 z - 3 tomahawks
Armour
 b - a +0 scale mail (worn)
 c - a +0 shield (worn)
 k - a +0 pair of gloves (worn)
 w - a +0 pair of boots (worn)
Jewellery
 y - a ring of resist corrosion (left hand)
Scrolls
 e - a scroll of magic mapping {unknown}
 i - 3 scrolls of identify {unknown}
 v - a scroll of recharging {unknown}
Potions
 h - a potion of haste {unknown}
 j - a potion of heal wounds
 n - a potion of invisibility {unknown}
 o - a potion of flight {unknown}
 r - 2 potions of curing
 t - a potion of resistance {unknown}
Comestibles
 f - 2 bread rations
 g - 8 fruits
 l - a meat ration
 q - 8 chunks of flesh
 u - a beef jerky


   Skills:
 * Level 4.6 Fighting
 * Level 3.7 Axes
 * Level 4.7 Armour
 * Level 4.2 Shields


You had 3 spell levels left.
You didn't know any spells.

Dungeon Overview and Level Annotations

Branches:
Dungeon (3/15)

Altars:
Fedhas

Annotations:
D:3 tuurum's ghost, amateur MiBe


Innate Abilities, Weirdness & Mutations

You reflexively headbutt those who attack you in melee.
You have a pair of horns on your head.


Message History

Tuurum's ghost (amateur Minotaur Berserker) comes into view.
It is wielding a weapon of chaos.
You see here a club.
Tuurum's ghost turns its malevolent gaze towards you.
Drink which item? (? for menu, Esc to quit)
You feel very mighty all of a sudden. You block tuurum's ghost's attack.
You slash tuurum's ghost! Your headbutt misses tuurum's ghost.
Tuurum's ghost is lightly damaged.
Tuurum's ghost barely misses you. You furiously retaliate!
You headbutt tuurum's ghost.
Your shield and scale mail prevent you from hitting tuurum's ghost.
Tuurum's ghost is moderately damaged.
Tuurum's ghost closely misses you. Tuurum's ghost hits you!
You are electrocuted!
You hit tuurum's ghost. You headbutt tuurum's ghost!
Tuurum's ghost is heavily damaged.
Tuurum's ghost hits you!
* * * LOW HITPOINT WARNING * * *
You are electrocuted!
You die...

#$......# #.......#
#....... # #>.....
## #.#####..... .#
...##.##.###.# #
#.##.##..#..#
#.##....W@..).####.#
#..................#
####.##.##...#.#####
#.#####.##........#
#.......###.#.#####
..#####.#≈≈..≈##
#...≈≈≈≈.#
###≈≈_≈..# #≈≈≈...#


You could see tuurum's ghost.

Vanquished Creatures
  3 gnolls
  3 adders
  A worm (D:2)
  3 giant geckos
  5 bats
  3 giant cockroaches
  6 goblins
  8 hobgoblins
  2 jackals (D:2)
  2 quokkas (D:2)
  4 giant newts
  9 kobolds
  3 rats
52 creatures vanquished.

Notes
Turn   | Place    | Note
--------------------------------------------------------------
     0 | D:1      | magog001 the Minotaur Fighter began the quest for the Orb.
     0 | D:1      | Reached XP level 1. HP: 19/19 MP: 0/0
   162 | D:1      | Reached XP level 2. HP: 27/27 MP: 1/1
   834 | D:1      | Reached XP level 3. HP: 17/33 MP: 2/2
  1265 | D:2      | Reached XP level 4. HP: 31/40 MP: 3/3
  1877 | D:3      | Found a blossoming altar of Fedhas.
  1921 | D:3      | Noticed tuurum's ghost (amateur MiBe)
  1927 | D:3      | Mangled by tuurum's ghost

Skill      XL: |  1  2  3 |
---------------+----------+-----
Armour         | 4 |  4.7
Axes           | 3 |  3.7
Shields        | 4 |  4.2
Fighting       | 4 |  4.6

Action                   |  1- 3 |  4- 6 || total
-------------------------+-------+-------++-------
Melee: War axe           |    66 |    67 ||   133
       Headbutt          |     5 |    12 ||    17
  Use: Potion            |     2 |     1 ||     3
  Eat: Chunk             |     1 |     2 ||     3
Armor: Scale mail        |    31 |    35 ||    66
Dodge: Dodged            |    25 |    23 ||    48
Block: Shield            |    35 |    42 ||    77
